 Dungeon Crawl Stone Soup version 0.31-a0-182-gc5ef74bbde (webtiles) character file.

Game seed: 11066515982817994174

164054 qw the Severer (level 17, -7/89 (108) HPs)
             Began as a Gargoyle Fighter on June 21, 2023.
             Was a Priest of Okawaru.
             Mangled by a bunyip (13 damage)
             ... on level 4 of the Swamp.
             The game lasted 00:16:05 (29819 turns).

qw the Severer (Gargoyle Fighter)                  Turns: 29819, Time: 00:16:05

HP:   -7/89 (108)   AC: 43    Str: 34    XL:     17   Next: 84%
MP:   23/24         EV: 15    Int: 13    God:    Okawaru [***...]
Gold: 1674          SH: 21    Dex:  8    Spells: 16/16 levels left

rFire   + + .        j - +8 broad axe of Responsibility {heavy, Drain rElec Will+}
rCold   + . .        K - +0 tower shield
rNeg    + . .        n - +1 plate armour {rC+}
rPois   inf          D - +0 helmet of the Crafting Gods {rF++}
rElec   +            o - +0 cloak
rCorr   .            M - +2 pair of gloves "Diq Wun" {Str+3}
SInv    .            p - +2 pair of boots
Will    ++...        k - amulet of the acrobat Stlth
                     r - +5 ring of evasion
HPRegen 0.34/turn    e - +6 ring of strength
MPRegen 0.19/turn

%: acrobat
@: about to teleport, heroic, flying, heavily drained
A: sickness immunity, AC +12, big wings, negative energy resistance 1,
electricity resistance, torment resistance 1, petrification resistance, clever
1, weak 1
a: Renounce Religion, Heroism


You were on level 4 of the Swamp.
You worshipped Okawaru.
Okawaru was most pleased with you.
You visited 6 branches of the dungeon, and saw 30 of its levels.

You collected 3078 gold pieces.
You spent 1404 gold pieces at shops.


Innate Abilities, Weirdness & Mutations

You are immune to sickness and miasma.
Your stone body is resilient. (AC +12)
You are immune to poison.
Your large and strong wings let you fly.
You resist negative energy. (rN+)
You are resistant to electric shocks. (rElec)
You are resistant to unholy torment.
You are immune to petrification.
Your mind is acute. (Int +4, Str/Dex -1)
You are weak. (Str -2)


   Skills:
 - Level 13.0(18.0) Fighting
 + Level 17.7(22.7) Axes
 - Level 7.1(12.1) Throwing
 - Level 13.0(18.0) Armour
 - Level 3.0(8.0) Dodging
 - Level 17.4(22.4) Shields
 - Level 10.0 Invocations


You had 16 spell levels left.
You didn't know any spells.
Your spell library was empty.

Inventory:

Hand Weapons
 j - the +8 broad axe of Responsibility (weapon) {heavy, Drain rElec Will+}
   (Okawaru gifted it to you on level 2 of the Lair of Beasts)

   rElec:     It insulates you from electricity.
   Drain:     It drains your maximum health when unequipped.
   Will:      It increases your willpower.
 w - a +1 hand axe of flaming
 L - a +6 antimagic war axe
Missiles
 H - 5 boomerangs (quivered)
Armour
 m - +0 acid dragon scales
 n - a +1 plate armour of cold resistance (worn)
 o - a +0 cloak (worn)
 p - a +2 pair of boots (worn)
 s - the +7 chain mail of Qazlal's Favour {-Tele Str+6 Slay+3}
   (You found it on level 1 of the Lair of Beasts)

   Str:       It affects your strength (+6).
   Slay:      It affects your accuracy & damage with ranged weapons and melee
   (+3).
   -Tele:     It prevents most forms of teleportation.
 t - the +7 plate armour "Boryk" {-Tele rC+ Dex+2}
   (You found it on level 11 of the Dungeon)

   Dex:       It affects your dexterity (+2).
   rC:        It protects you from cold.
   -Tele:     It prevents most forms of teleportation.
 x - +0 fire dragon scales
 D - the +0 helmet of the Crafting Gods (worn) {rF++}
   (You acquired it on level 3 of the Lair of Beasts)

   rF:        It greatly protects you from fire.
 F - a +2 helmet
 J - a +3 plate armour
 K - a +0 tower shield (worn)
 M - the +2 pair of gloves "Diq Wun" (worn) {Str+3}
   (You acquired it on level 3 of the Spider Nest)

   Str:       It affects your strength (+3).
Jewellery
 a - an amulet of guardian spirit
 e - a +6 ring of strength (right hand)
 k - an amulet of the acrobat (around neck)
 r - a +5 ring of evasion (left hand)
 G - a ring of ice
 I - the ring "Fileufir" {*Corrode rF+ Str+3 Dex+6}
   (You found it on level 3 of the Swamp)

   [ring of dexterity]

   Str:       It affects your strength (+3).
   Dex:       It affects your dexterity (+6).
   rF:        It protects you from fire.
   *Corrode:  It may corrode you when you take damage.
Wands
 C - a wand of digging (8)
Scrolls
 g - 2 scrolls of teleportation
 i - 11 scrolls of identify
 y - 3 scrolls of enchant weapon
 A - 2 scrolls of brand weapon
Potions
 b - 5 potions of haste
 d - 8 potions of might
 f - 4 potions of attraction
 h - 2 potions of lignification
 l - 5 potions of enlightenment
 u - 2 potions of resistance
 v - 5 potions of mutation
 z - 6 potions of curing
 B - 3 potions of cancellation
 E - 2 potions of magic

Dungeon Overview and Level Annotations

Branches:
Dungeon (15/15)            Temple (1/1) D:7            Lair (5/5) D:10
  Swamp (4/4) Lair:3       Spider (3/4) Lair:2        Slime (0/5) Lair:4
    Orc (2/2) D:10            Elf (0/3) Orc:2        Vaults (0/5) D:14
 Depths (0/4) D:15

Altars:
Ashenzari
Cheibriados
Dithmenos
Elyvilon
Fedhas
Gozag
Hepliaklqana
Kikubaaqudgha
Makhleb
Nemelex Xobeh
Okawaru
Qazlal
Ru
Sif Muna
Trog
Uskayaw
Vehumet
Wu Jian
Xom
Yredelemnul
Zin
The Shining One
Jiyva

Shops:
D:3 =   Orc:1 *   Orc:2 !([(

Annotations:
D:7 exclusion: 2 goblins
D:12 4 transporters
Lair:5 2 transporters, 1 runed translucent door, qw's ghost, journeyman GrFi
Swamp:3 2 transporters, qw's ghost, adept GrFi
Swamp:4 Donald; Mara


Message History

The bolt of fire misses you. Qw's illusion hits you!
You chop Mara into pieces!!!
Mara is almost dead.
You hit qw's illusion but do no damage.
You hear a hideous shriek!
You hear a shout!
Mara calls, "Stop!
In seven days from now the wheel of empire will appear!"
Mara blinks!
Mara growls.
Qw's illusion hits you but does no damage.
You cut qw's illusion into ribbons!!!
Qw's illusion is moderately damaged.
You feel like a meek peon again. Qw's illusion hits you.
29815 ||| INVOKING Heroism.
You gain the combat prowess of a mighty hero.
Donald shouts!
Mara hits you but does no damage.
Qw's illusion hits you but does no damage.
You hit qw's illusion.
Qw's illusion is moderately damaged.
You slice Mara!!
Your surroundings suddenly seem different.
A bunyip comes into view.
Found four items.
Enter note:
Enter note:
Enter note:
29817 ||| READING 3 scrolls of teleportation.
As you read the scroll of teleportation, it crumbles to dust.
You feel strangely unstable. Mara gestures at you. The bolt of fire misses you.
Enter note:
Enter note:
Enter note: You completely miss the bunyip.
The bunyip howls a warning cry!
The bunyip closely misses you. You block the bunyip's attack.
The bunyip claws you!
You die...

.~...R~.....~.~...~..7.
...R.@.~..~...~.........
...~.%~~..R~.........¤~7
.....~~...~¤~~..~~.~~...
.....~...~...¤.~...~.~..
..¤.~.~..~~....~$~.~~...
~.....~..~.~.~¤.~...~..~
@.¤..~~~~.~~..¤..~~¤~~..
...~~......~¤.~.@~......
"...~~..~..~.~~..x....~.
~.~....~.~......
~..=~~..~~~~..77
...~....~..~...~
..~.........~.~~
~...?~(~~~~~~~..
~.~~........~~.


You could see a bunyip.

Vanquished Creatures
  A tentacled monstrosity (Swamp:3)
  Agnes (D:15)
  Kirke (Lair:3)
  2 fenstrider witches
  A fire giant (D:13)
  4 ghost moths
  Louise (D:15)
  2 broodmothers
  A stone giant (D:15)
  2 eleionomae
  3 bunyips
  A spark wasp (Spider:2)
  An entropy weaver (Spider:1)
  2 fire dragons (D:13)
  A deep elf high priest (D:13)
  12 hydras
  A catoblepas (Lair:3)
  4 centaur warriors (D:13)
  A death knight (D:15)
  6 radroaches
  2 dancing weapons (D:14)
  7 boulder beetles
  9 alligators
  4 tengu warriors
  3 death yaks (Lair:5)
  5 two-headed ogres
  3 orc high priests (Orc:2)
  7 demonic crawlers
  9 spriggans
  Amaemon (Lair:3)
  Lodul (D:10)
  A skyshark (Lair:5)
  2 sun moths
  2 goliath frogs (Swamp:2)
  A skeletal warrior (D:13)
  6 pharaoh ants
  A death drake (Swamp:3)
  A swamp dragon (Swamp:2)
  3 spriggan druids
  2 bog bodies
  A wizard (D:14)
  2 steelbarb worms
  3 orb spiders
  4 orc knights (Orc:2)
  A harpy (shapeshifter) (D:13)
  A lindwurm (Lair:5)
  3 deep elf pyromancers
  18 wolf spiders
  An oklob plant (Lair:5)
  4 orc sorcerers
  4 ugly things
  12 cyclopes
  2 manticores
  4 will-o-the-wisps
  A black mamba (shapeshifter) (D:14)
  A guardian serpent (shapeshifter) (D:13)
  10 elephants
  A moth of wrath (Spider:1)
  8 torpor snails
  3 black mambas
  10 cane toads
  A gargoyle (D:13)
  2 unseen horrors
  An orange demon (Lair:3)
  2 freezing wraiths (D:15)
  9 komodo dragons
  2 rime drakes
  A tengu conjurer (D:11)
  A yaktaur (shapeshifter) (D:15)
  3 trolls
  A meliai (D:13)
  2 polar bears
  8 tyrant leeches
  20 tarantellas
  A wind drake (shapeshifter) (D:13)
  17 hornets
  14 blink frogs
  2 dream sheep (D:11)
  9 culicivoras
  4 slime creatures (D:13)
  24 jumping spiders
  A vampire (D:10)
  A water elemental (D:11)
  2 shadows
  5 wyverns
  53 yaks
  6 wraiths
  3 hogs (Lair:3)
  2 unseen horror simulacra (D:9)
  5 steam dragons
  56 redbacks
  3 basilisks
  5 vampire mosquitoes
  12 swamp worms
  10 wargs
  An acid dragon (D:11)
  8 water moccasins
  17 orc warriors
  A sky beast (D:7)
  A swamp drake (Swamp:1)
  A meliai simulacrum (D:13)
  An ice beast (D:9)
  12 ogres
  18 wolves
  11 centaurs
  9 kobold brigands
  8 bullfrogs
  10 scorpions
  A hornet simulacrum (D:14)
  9 wights
  6 killer bees
  5 electric eels (D:11)
  9 howler monkeys
  2 vampire bats (D:9)
  2 jellies (D:8)
  5 hounds
  15 orc priests
  2 sleepcaps
  A gnoll bouda (D:7)
  Terence (D:3)
  3 iguanas
  17 orc wizards
  5 hell rats
  2 centaur simulacra (D:9)
  Robin (D:4)
  4 gnolls (D:7)
  5 adders
  2 white imps (D:6)
  2 ufetubi
  5 worms
  A dart slug (D:3)
  68 orcs
  5 bat zombies (D:9)
  5 endoplasms
  4 giant cockroaches
  18 goblins
  12 hobgoblins
  6 quokkas
  5 ball pythons
  2 bats
  A frilled lizard (D:2)
  31 kobolds
  7 rats
  A spectral orc (D:4)
  2 spectral weapons (Swamp:4)
870 creatures vanquished.

Vanquished Creatures (others)
  Asterion (Spider:2)
  An iguana (D:5)
  13 foxfires
15 creatures vanquished.

Grand Total: 885 creatures vanquished

Notes
Turn   | Place    | Note
-------+----------+-------------------------------------------
     0 | D:1      | qw the Gargoyle Fighter began the quest for the Orb.
     0 | D:1      | Reached XP level 1. HP: 14/14 MP: 1/1
     0 | D:1      | 0 ||| qw: Version: 0.3-a-9-g12657ce
     0 | D:1      | 0 ||| qw: Game counter: 1624
     0 | D:1      | 0 ||| qw: Always use a shield: true
     0 | D:1      | 0 ||| qw: God list: Okawaru
     0 | D:1      | 0 ||| qw: Allow faded altars: false
     0 | D:1      | 0 ||| qw: Do Orc after D:15 true
     0 | D:1      | 0 ||| qw: Do second Lair branch before Depths: true
     0 | D:1      | 0 ||| qw: Lair rune preference: random
     0 | D:1      | 0 ||| qw: Plans: Normal, Zot:1-4, Slime:5, God:TSO, Crypt,
                  | Tomb, Abyss, Pan, Hells, Win
     0 | D:1      | 0 ||| PLANNING D:1-11
   108 | D:1      | Reached XP level 2. HP: 19/19 MP: 2/2
   115 | D:1      | 115 ||| Stepping ~*~*~tactically~*~*~ (hiding).
   118 | D:1      | 118 ||| Stepping ~*~*~tactically~*~*~ (hiding).
   675 | D:1      | 675 ||| UPGRADING to +0 cloak.
   680 | D:1      | 680 ||| UPGRADING to +0 pair of gloves.
   685 | D:1      | 685 ||| UPGRADING to ring of positive energy.
   686 | D:1      | 686 ||| READING 2 scrolls labelled AKHOCA ZIGOIC.
   687 | D:1      | 687 ||| READING 2 scrolls labelled TOTAENODIA.
   688 | D:1      | 688 ||| READING scroll labelled WEYMNU PIODWI.
   691 | D:1      | 691 ||| READING scroll labelled KISHEU HEIB.
   692 | D:1      | 692 ||| READING scroll labelled UNAIQA PYKEO.
   693 | D:1      | 693 ||| READING scroll labelled QOSMEU DUIBUAPN.
   694 | D:1      | 694 ||| DROPPING scroll of noise.
   695 | D:1      | 695 ||| DROPPING scroll of immolation.
   724 | D:2      | Reached skill level 3 in Axes
   724 | D:2      | Reached XP level 3. HP: 23/23 MP: 3/3
  1580 | D:2      | 1580 ||| UPGRADING to amulet of guardian spirit.
  1585 | D:2      | 1585 ||| READING scroll labelled DAWAUMPELO.
  1586 | D:2      | 1586 ||| DRINKING 2 bubbling black potions.
  1587 | D:2      | 1587 ||| DROPPING potion of degeneration.
  1599 | D:3      | 1599 ||| Stepping ~*~*~tactically~*~*~ (stealth).
  1613 | D:3      | Reached XP level 4. HP: 28/28 MP: 2/4
  1659 | D:3      | Noticed Terence
  1671 | D:3      | Killed Terence
  1681 | D:3      | 1681 ||| DROPPING +0 whip.
  1950 | D:3      | 1950 ||| Stepping ~*~*~tactically~*~*~ (stealth).
  1969 | D:3      | Found Siroov's Jewellery Shoppe.
  1970 | D:3      | Noticed a scorpion
  1977 | D:3      | Killed a scorpion
  1978 | D:3      | Reached XP level 5. HP: 30/32 MP: 5/5
  1994 | D:3      | 1994 ||| SHOPLISTING +4 ring of protection (468 gold, have
                  | 105).
  1994 | D:3      | 1994 ||| SHOPLISTING amulet of reflection (390 gold, have
                  | 105).
  1994 | D:3      | 1994 ||| SHOPLISTING ring "Aherr" {rPois SInv} (340 gold,
                  | have 105).
  1994 | D:3      | 1994 ||| SHOPLISTING ring of ice (325 gold, have 105).
  1994 | D:3      | 1994 ||| SHOPLISTING ring of resist corrosion (260 gold,
                  | have 105).
  2178 | D:3      | Found a glowing silver altar of Zin.
  2274 | D:3      | 2274 ||| UPGRADING to +3 scale mail of poison resistance.
  2284 | D:3      | 2284 ||| DROPPING +0 scale mail.
  2285 | D:3      | 2285 ||| UPGRADING to +0 chain mail.
  2295 | D:3      | 2295 ||| DROPPING +3 scale mail of poison resistance.
  2296 | D:3      | 2296 ||| UPGRADING to +6 ring of strength.
  2297 | D:3      | 2297 ||| READING 3 scrolls labelled GECSOB UNWIANT.
  2298 | D:3      | 2298 ||| READING scroll labelled UNUABB EREUR.
  2299 | D:3      | 2299 ||| READING scroll labelled TAEFAGH RONAI.
  2300 | D:3      | 2300 ||| DROPPING 2 scrolls of fear.
  2313 | D:4      | Noticed Robin
  2323 | D:4      | 2323 ||| STAIRDANCE
  2342 | D:4      | Killed Robin
  2371 | D:4      | 2371 ||| Stepping ~*~*~tactically~*~*~ (hiding).
  2380 | D:4      | Reached XP level 6. HP: 28/38 MP: 3/6
  2686 | D:4      | Found a hazy altar of Hepliaklqana.
  2831 | D:4      | 2831 ||| DROPPING +0 mace.
  2851 | D:4      | Found a basalt altar of Yredelemnul.
  2875 | D:4      | Reached skill level 6 in Axes
  3222 | D:4      | Reached XP level 7. HP: 38/43 MP: 7/7
  3283 | D:4      | Reached skill level 1 in Dodging
  3333 | D:4      | 3333 ||| UPGRADING to +0 helmet.
  3338 | D:4      | 3338 ||| UPGRADING to +5 ring of evasion.
  3340 | D:4      | 3340 ||| DROPPING ring of positive energy.
  3357 | D:5      | Entered Level 5 of the Dungeon
  3358 | D:5      | Noticed a steam dragon
  3360 | D:5      | 3360 ||| Stepping ~*~*~tactically~*~*~ (cloud).
  3361 | D:5      | 3361 ||| Stepping ~*~*~tactically~*~*~ (cloud).
  3388 | D:5      | Killed a steam dragon
  3563 | D:5      | 3563 ||| READING scroll of enchant weapon.
  3563 | D:5      | 3563 ||| ENCHANTING +1 war axe.
  3687 | D:5      | Reached XP level 8. HP: 47/49 MP: 6/8
  3760 | D:5      | HP: 11/49 [iguana (3)]
  3761 | D:5      | 3761 ||| READING 2 scrolls of teleportation.
  4073 | D:5      | 4073 ||| READING scroll labelled ZUOSAY LEIVVUEDWUT.
  4074 | D:5      | 4074 ||| READING scroll labelled LIEGYO KAEMAI.
  4100 | D:5      | 4100 ||| DRINKING 2 fizzy dark potions.
  4124 | D:6      | Noticed a wyvern
  4135 | D:6      | Killed a wyvern
  4138 | D:6      | 4138 ||| FLEEEEING.
  4139 | D:6      | 4139 ||| STAIRDANCE
  4192 | D:6      | Reached skill level 6 in Fighting
  4399 | D:6      | 4399 ||| FLEEEEING.
  4400 | D:6      | 4400 ||| FLEEEEING.
  4403 | D:6      | 4403 ||| FLEEEEING.
  4404 | D:6      | 4404 ||| FLEEEEING.
  4405 | D:6      | 4405 ||| FLEEEEING.
  4607 | D:6      | Found a sacrificial altar of Ru.
  4616 | D:6      | 4616 ||| Stepping ~*~*~tactically~*~*~ (hiding).
  4666 | D:6      | 4666 ||| READING scroll of enchant weapon.
  4666 | D:6      | 4666 ||| ENCHANTING +2 war axe.
  4926 | D:6      | 4926 ||| READING scroll labelled URASU UVABIPNE.
  4927 | D:6      | 4927 ||| DRINKING 2 emerald potions.
  4928 | D:6      | 4928 ||| DRINKING 2 potions of curing.
  4928 | D:6      | 4928 ||| (to cure confusion)
  4929 | D:6      | 4929 ||| DROPPING potion of ambrosia.
  4981 | D:7      | Reached skill level 9 in Axes
  4981 | D:7      | Reached XP level 9. HP: 54/55 MP: 9/9
  5007 | D:7      | 5007 ||| Stepping ~*~*~tactically~*~*~ (hiding).
  5032 | D:7      | HP: 9/55 [steam dragon] (5)]
  5033 | D:7      | 5033 ||| READING scroll of teleportation.
  5034 | D:7      | 5034 ||| DRINKING 2 potions of heal wounds.
  5044 | D:7      | 5044 ||| FLEEEEING.
  5045 | D:7      | 5045 ||| FLEEEEING.
  5046 | D:7      | 5046 ||| FLEEEEING.
  5047 | D:7      | 5047 ||| FLEEEEING.
  5048 | D:7      | 5048 ||| FLEEEEING.
  5049 | D:7      | 5049 ||| FLEEEEING.
  5050 | D:7      | 5050 ||| FLEEEEING.
  5054 | D:7      | 5054 ||| STAIRDANCE
  5164 | D:7      | 5164 ||| DRINKING potion of curing.
  5164 | D:7      | 5164 ||| (to cure confusion)
  5277 | D:7      | 5277 ||| Stepping ~*~*~tactically~*~*~ (hiding).
  5298 | D:7      | 5298 ||| READING scroll of enchant armour.
  5298 | D:7      | 5298 ||| ENCHANTING +0 pair of gloves.
  5430 | D:7      | 5430 ||| Stepping ~*~*~tactically~*~*~ (hiding).
  5556 | D:7      | Found a staircase to the Ecumenical Temple.
  5557 | D:7      | 5557 ||| PLANNING TEMPLE
  5557 | D:7      | 5557 ||| DRINKING 2 blue potions.
  5558 | D:7      | 5558 ||| READING 2 scrolls of identify.
  5558 | D:7      | 5558 ||| IDENTIFYING fizzy orange potion
  5567 | Temple   | Entered the Ecumenical Temple
  5596 | Temple   | 5596 ||| PLANNING OKAWARU WORSHIP
  5624 | Temple   | Became a worshipper of Warmaster Okawaru
  5625 | Temple   | 5625 ||| PLANNING D:1-11
  5625 | Temple   | 5625 ||| REMOVING amulet of guardian spirit.
  5765 | D:7      | 5765 ||| Stepping ~*~*~tactically~*~*~ (stealth).
  6006 | D:7      | 6006 ||| Stepping ~*~*~tactically~*~*~ (stealth).
  6008 | D:7      | 6008 ||| Stepping ~*~*~tactically~*~*~ (hiding).
  6018 | D:7      | 6018 ||| Stepping ~*~*~tactically~*~*~ (stealth).
  6085 | D:8      | 6085 ||| STAIRDANCE
  6109 | D:8      | Reached skill level 1 in Throwing
  6123 | D:8      | Noticed a hornet
  6136 | D:8      | Killed a hornet
  6190 | D:8      | Noticed a centaur warrior
  6290 | D:8      | 6290 ||| FLEEEEING.
  6291 | D:8      | 6291 ||| FLEEEEING.
  6292 | D:8      | 6292 ||| FLEEEEING.
  6293 | D:8      | 6293 ||| FLEEEEING.
  6294 | D:8      | 6294 ||| FLEEEEING.
  6295 | D:8      | 6295 ||| FLEEEEING.
  6296 | D:8      | 6296 ||| FLEEEEING.
  6297 | D:8      | 6297 ||| FLEEEEING.
  6298 | D:8      | 6298 ||| FLEEEEING.
  6299 | D:8      | 6299 ||| FLEEEEING.
  6300 | D:8      | 6300 ||| FLEEEEING.
  6339 | D:8      | Reached * piety under Okawaru
  6390 | D:8      | 6390 ||| INVOKING Heroism.
  6410 | D:8      | 6410 ||| READING scroll of enchant armour.
  6410 | D:8      | 6410 ||| ENCHANTING +1 pair of gloves.
  6490 | D:8      | 6490 ||| DRINKING 2 dark potions.
  6491 | D:8      | 6491 ||| READING 2 scrolls of identify.
  6491 | D:8      | 6491 ||| IDENTIFYING inky potion
  6492 | D:8      | 6492 ||| DROPPING potion of brilliance.
  6537 | D:9      | Reached skill level 1 in Invocations
  6597 | D:9      | Reached XP level 10. HP: 64/64 MP: 9/11
  6651 | D:9      | Found a shimmering altar of Xom.
  6651 | D:9      | Found a sparkling altar of Nemelex Xobeh.
  6651 | D:9      | Found an ornate altar of the Wu Jian Council.
  6662 | D:9      | 6662 ||| Stepping ~*~*~tactically~*~*~ (stealth).
  6664 | D:9      | 6664 ||| Stepping ~*~*~tactically~*~*~ (hiding).
  6667 | D:9      | 6667 ||| INVOKING Heroism.
  6677 | D:9      | Reached skill level 3 in Invocations
  6761 | D:9      | 6761 ||| Stepping ~*~*~tactically~*~*~ (hiding).
  6842 | D:9      | 6842 ||| INVOKING Heroism.
  6849 | D:9      | Reached skill level 6 in Armour
  7001 | D:9      | 7001 ||| INVOKING Heroism.
  7395 | D:9      | Found an ancient bone altar of Kikubaaqudgha.
  7480 | D:9      | 7480 ||| INVOKING Heroism.
  7581 | D:9      | 7581 ||| READING scroll labelled OGHOISYCVE.
  7582 | D:9      | 7582 ||| DRINKING 2 metallic black potions.
  7582 | D:9      | Gained mutation: Your mind is acute. (Int +4, Str/Dex -1)
                  | [potion of mutation]
  7582 | D:9      | Gained mutation: You are weak. (Str -2) [potion of
                  | mutation]
  7598 | D:10     | Entered Level 10 of the Dungeon
  7708 | D:10     | 7708 ||| Stepping ~*~*~tactically~*~*~ (stealth).
  7709 | D:10     | 7709 ||| Stepping ~*~*~tactically~*~*~ (stealth).
  7786 | D:10     | Found a staircase to the Lair.
  7797 | D:10     | 7797 ||| INVOKING Heroism.
  7829 | D:10     | Identified the +6 war axe "Byigany" {freeze, Str+3}
  7831 | D:10     | 7831 ||| SWAPPING to +6 war axe "Byigany" {freeze, Str+3}.
  7964 | D:10     | Noticed a two-headed ogre
  7965 | D:10     | 7965 ||| INVOKING Heroism.
  7968 | D:10     | Killed a two-headed ogre
  7968 | D:10     | Reached ** piety under Okawaru
  8125 | D:10     | 8125 ||| Stepping ~*~*~tactically~*~*~ (stealth).
  8127 | D:10     | 8127 ||| Stepping ~*~*~tactically~*~*~ (hiding).
  8130 | D:10     | 8130 ||| INVOKING Heroism.
  8150 | D:10     | 8150 ||| Stepping ~*~*~tactically~*~*~ (hiding).
  8248 | D:10     | Reached skill level 9 in Fighting
  8321 | D:10     | Reached XP level 11. HP: 63/71 MP: 14/14
  8379 | D:10     | 8379 ||| INVOKING Heroism.
  8380 | D:10     | 8380 ||| Stepping ~*~*~tactically~*~*~ (cloud).
  8509 | D:10     | 8509 ||| Stepping ~*~*~tactically~*~*~ (stealth).
  8515 | D:10     | Noticed Lodul
  8516 | D:10     | 8516 ||| Stepping ~*~*~tactically~*~*~ (stealth).
  8522 | D:10     | 8522 ||| INVOKING Heroism.
  8534 | D:10     | HP: 7/71 [Lodul/+0 dire flail (14)]
  8535 | D:10     | 8535 ||| READING 3 scrolls of teleportation.
  8536 | D:10     | 8536 ||| DRINKING potion of heal wounds.
  8538 | D:10     | Killed Lodul
  8833 | D:10     | Found a staircase to the Orcish Mines.
  8984 | D:10     | 8984 ||| Stepping ~*~*~tactically~*~*~ (stealth).
  9044 | D:10     | 9044 ||| PLANNING LAIR
  9044 | D:10     | 9044 ||| UPGRADING to +0 plate armour.
  9054 | D:10     | 9054 ||| DROPPING +0 chain mail.
  9055 | D:10     | 9055 ||| DROPPING ring of flight.
  9056 | D:10     | 9056 ||| DRINKING 2 metallic cyan potions.
  9057 | D:10     | 9057 ||| READING 2 scrolls of identify.
  9057 | D:10     | 9057 ||| IDENTIFYING black potion
  9058 | D:10     | 9058 ||| DROPPING potion of invisibility.
  9139 | Lair:1   | Entered Level 1 of the Lair of Beasts
  9148 | Lair:1   | 9148 ||| STAIRDANCE
  9215 | Lair:1   | 9215 ||| STAIRDANCE
  9217 | D:10     | 9217 ||| INVOKING Heroism.
  9220 | D:10     | Reached *** piety under Okawaru
  9275 | Lair:1   | 9275 ||| STAIRDANCE
  9277 | D:10     | 9277 ||| INVOKING Heroism.
  9312 | Lair:1   | 9312 ||| INVOKING Heroism.
  9363 | Lair:1   | 9363 ||| INVOKING Heroism.
  9432 | Lair:1   | 9432 ||| Stepping ~*~*~tactically~*~*~ (stealth).
  9434 | Lair:1   | 9434 ||| INVOKING Heroism.
  9441 | Lair:1   | Reached skill level 12 in Axes
  9467 | Lair:1   | 9467 ||| INVOKING Heroism.
  9562 | Lair:1   | 9562 ||| INVOKING Heroism.
  9588 | Lair:1   | Reached skill level 9 in Armour
  9601 | Lair:1   | 9601 ||| Stepping ~*~*~tactically~*~*~ (stealth).
  9603 | Lair:1   | 9603 ||| Stepping ~*~*~tactically~*~*~ (stealth).
  9608 | Lair:1   | Reached skill level 6 in Shields
  9806 | Lair:1   | 9806 ||| INVOKING Heroism.
  9848 | Lair:1   | 9848 ||| INVOKING Heroism.
  9946 | Lair:1   | Identified the +7 chain mail of Qazlal's Favour {-Tele
                  | Str+6 Slay+3}
 10100 | Lair:1   | 10100 ||| INVOKING Heroism.
 10499 | Lair:1   | 10499 ||| UPGRADING to amulet of the acrobat.
 10637 | Lair:2   | 10637 ||| INVOKING Heroism.
 10648 | Lair:2   | Reached XP level 12. HP: 67/77 MP: 15/15
 10690 | Lair:2   | 10690 ||| Stepping ~*~*~tactically~*~*~ (stealth).
 10691 | Lair:2   | 10691 ||| Stepping ~*~*~tactically~*~*~ (stealth).
 10692 | Lair:2   | 10692 ||| Stepping ~*~*~tactically~*~*~ (stealth).
 10693 | Lair:2   | 10693 ||| Stepping ~*~*~tactically~*~*~ (stealth).
 10758 | Lair:2   | Reached **** piety under Okawaru
 10791 | Lair:2   | Noticed a seven-headed hydra
 10792 | Lair:2   | 10792 ||| INVOKING Heroism.
 10799 | Lair:2   | 10799 ||| SWAPPING to +0 flail of draining.
 10811 | Lair:2   | Killed a seven-headed hydra
 10812 | Lair:2   | 10812 ||| SWAPPING to +6 war axe "Byigany" {freeze, Str+3}.
 10843 | Lair:2   | Reached ***** piety under Okawaru
 10925 | Lair:2   | Reached skill level 6 in Invocations
 10980 | Lair:2   | 10980 ||| Stepping ~*~*~tactically~*~*~ (stealth).
 10982 | Lair:2   | 10982 ||| INVOKING Heroism.
 10996 | Lair:2   | 10996 ||| Stepping ~*~*~tactically~*~*~ (stealth).
 11013 | Lair:2   | Noticed a boulder beetle
 11014 | Lair:2   | 11014 ||| INVOKING Finesse.
 11027 | Lair:2   | 11027 ||| INVOKING Heroism.
 11042 | Lair:2   | Killed a boulder beetle
 11084 | Lair:2   | Found a hole to the Spider Nest.
 11466 | Lair:2   | 11466 ||| Stepping ~*~*~tactically~*~*~ (stealth).
 11473 | Lair:2   | Identified the +8 broad axe of Responsibility {heavy, Drain
                  | rElec Will+} (Okawaru gifted it to you on level 2 of the
                  | Lair of Beasts)
 11473 | Lair:2   | Received a gift from Okawaru
 11508 | Lair:2   | 11508 ||| SWAPPING to +8 broad axe of Responsibility
                  | {heavy, Drain rElec Will+}.
 11509 | Lair:2   | 11509 ||| DROPPING +6 war axe "Byigany" {freeze, Str+3}.
 11513 | Lair:2   | 11513 ||| Stepping ~*~*~tactically~*~*~ (stealth).
 11529 | Lair:2   | 11529 ||| Stepping ~*~*~tactically~*~*~ (stealth).
 11608 | Lair:2   | 11608 ||| UPGRADING to +2 helmet.
 11618 | Lair:2   | 11618 ||| DROPPING +0 helmet.
 11619 | Lair:2   | 11619 ||| DROPPING +6 ring of intelligence.
 11628 | Lair:3   | 11628 ||| INVOKING Heroism.
 11628 | Lair:3   | Noticed Kirke
 11629 | Lair:3   | 11629 ||| INVOKING Finesse.
 11637 | Lair:3   | Killed Kirke
 11683 | Lair:3   | You fall into a shaft and drop 1 floor!
 11727 | Lair:4   | 11727 ||| INVOKING Heroism.
 11736 | Lair:4   | Reached XP level 13. HP: 82/82 MP: 17/19
 11801 | Lair:4   | Reached skill level 9 in Invocations
 11803 | Lair:4   | 11803 ||| INVOKING Heroism.
 11939 | Lair:4   | Identified the +2 great mace "Dearreid" {antimagic, rPois
                  | rCorr Str-4}
 12057 | Lair:4   | Found a viscous altar of Jiyva.
 12058 | Lair:4   | Found a staircase to the Slime Pits.
 12099 | Lair:3   | 12099 ||| INVOKING Heroism.
 12164 | Lair:3   | 12164 ||| INVOKING Heroism.
 12183 | Lair:3   | Received a gift from Okawaru
 12201 | Lair:3   | 12201 ||| INVOKING Heroism.
 12242 | Lair:3   | 12242 ||| Stepping ~*~*~tactically~*~*~ (stealth).
 12244 | Lair:3   | 12244 ||| Stepping ~*~*~tactically~*~*~ (stealth).
 12365 | Lair:3   | Found a staircase to the Swamp.
 12467 | Lair:3   | 12467 ||| INVOKING Heroism.
 12480 | Lair:3   | Noticed Amaemon
 12487 | Lair:3   | 12487 ||| INVOKING Finesse.
 12490 | Lair:3   | Killed Amaemon
 13162 | Lair:3   | 13162 ||| UPGRADING to +0 pair of boots.
 13167 | Lair:3   | 13167 ||| READING scroll labelled WOLAK GEIB.
 13167 | Lair:3   | Identified a scroll of acquirement
 13167 | Lair:3   | 13167 ||| ACQUIRING +0 helmet of the Crafting Gods {rF++}
 13167 | Lair:3   | Acquired the +0 helmet of the Crafting Gods {rF++}
 13169 | Lair:3   | 13169 ||| UPGRADING to +0 helmet of the Crafting Gods
                  | {rF++}.
 13322 | Lair:4   | Identified the +7 short sword of the Inviting Hawk
                  | {distort, rElec rCorr MP+9 Dex+3}
 13797 | Lair:5   | Entered Level 5 of the Lair of Beasts
 13803 | Lair:5   | 13803 ||| Stepping ~*~*~tactically~*~*~ (stealth).
 13820 | Lair:5   | 13820 ||| FLEEEEING.
 13821 | Lair:5   | 13821 ||| FLEEEEING.
 13824 | Lair:5   | 13824 ||| FLEEEEING.
 13825 | Lair:5   | 13825 ||| STAIRDANCE
 13854 | Lair:5   | 13854 ||| INVOKING Heroism.
 13928 | Lair:5   | 13928 ||| INVOKING Heroism.
 14047 | Lair:5   | 14047 ||| Stepping ~*~*~tactically~*~*~ (stealth).
 14102 | Lair:5   | 14102 ||| Stepping ~*~*~tactically~*~*~ (hiding).
 14108 | Lair:5   | 14108 ||| FLEEEEING.
 14109 | Lair:5   | 14109 ||| FLEEEEING.
 14110 | Lair:5   | 14110 ||| FLEEEEING.
 14111 | Lair:5   | 14111 ||| FLEEEEING.
 14112 | Lair:5   | 14112 ||| FLEEEEING.
 14113 | Lair:5   | 14113 ||| STAIRDANCE
 14215 | Lair:4   | 14215 ||| READING 2 scrolls of identify.
 14215 | Lair:4   | 14215 ||| IDENTIFYING lumpy grey potion
 14218 | Lair:5   | 14218 ||| INVOKING Heroism.
 14219 | Lair:5   | 14219 ||| INVOKING Finesse.
 14316 | Lair:5   | Received a gift from Okawaru
 14317 | Lair:5   | Gained mutation: Your large and strong wings let you fly.
                  | [Gargoyle growth]
 14317 | Lair:5   | Reached XP level 14. HP: 90/90 MP: 21/21
 14318 | Lair:5   | 14318 ||| Stepping ~*~*~tactically~*~*~ (hiding).
 14320 | Lair:5   | 14320 ||| Stepping ~*~*~tactically~*~*~ (hiding).
 14347 | Lair:5   | 14347 ||| DROPPING -1 demon whip of venom.
 14348 | Lair:5   | 14348 ||| DROPPING +0 flail.
 14349 | Lair:5   | 14349 ||| DROPPING +0 flail of draining.
 14366 | Lair:5   | Noticed qw's ghost (journeyman GrFi)
 14368 | Lair:5   | Found a one-way gate to the infinite horrors of the Abyss.
 14412 | Lair:5   | Found a transporter.
 14412 | Lair:5   | Found a transporter.
 14509 | Lair:5   | Identified the +6 falchion of No Interval {protect, Fly rC-
                  | rCorr Int+3}
 14563 | Lair:5   | 14563 ||| READING scroll of enchant armour.
 14563 | Lair:5   | 14563 ||| ENCHANTING +0 pair of boots.
 14648 | Lair:5   | Reached skill level 15 in Axes
 14845 | Lair:5   | 14845 ||| INVOKING Heroism.
 14846 | Lair:5   | 14846 ||| INVOKING Finesse.
 15107 | Lair:5   | Found a runed translucent door.
 15116 | Lair:5   | 15116 ||| Stepping ~*~*~tactically~*~*~ (stealth).
 15118 | Lair:5   | 15118 ||| Stepping ~*~*~tactically~*~*~ (stealth).
 15119 | Lair:5   | 15119 ||| Stepping ~*~*~tactically~*~*~ (stealth).
 15140 | Lair:5   | 15140 ||| FLEEEEING.
 15141 | Lair:5   | 15141 ||| FLEEEEING.
 15159 | Lair:5   | 15159 ||| INVOKING Heroism.
 15171 | Lair:5   | 15171 ||| Stepping ~*~*~tactically~*~*~ (stealth).
 15224 | Lair:5   | 15224 ||| FLEEEEING.
 15225 | Lair:5   | 15225 ||| INVOKING Heroism.
 15230 | Lair:5   | Reached skill level 12 in Fighting
 15279 | Lair:5   | 15279 ||| Stepping ~*~*~tactically~*~*~ (stealth).
 15285 | Lair:5   | 15285 ||| FLEEEEING.
 15286 | Lair:5   | 15286 ||| FLEEEEING.
 15287 | Lair:5   | 15287 ||| FLEEEEING.
 15288 | Lair:5   | 15288 ||| FLEEEEING.
 15289 | Lair:5   | 15289 ||| FLEEEEING.
 15290 | Lair:5   | 15290 ||| FLEEEEING.
 15291 | Lair:5   | 15291 ||| FLEEEEING.
 15294 | Lair:5   | 15294 ||| INVOKING Heroism.
 15323 | Lair:5   | 15323 ||| Stepping ~*~*~tactically~*~*~ (stealth).
 15325 | Lair:5   | 15325 ||| INVOKING Heroism.
 15372 | Lair:5   | 15372 ||| DROPPING +2 helmet.
 15373 | Lair:5   | 15373 ||| PLANNING D:1-11
 15373 | Lair:5   | 15373 ||| DROPPING ring of see invisible.
 15382 | Lair:5   | 15382 ||| Stepping ~*~*~tactically~*~*~ (stealth).
 15505 | Lair:5   | 15505 ||| Stepping ~*~*~tactically~*~*~ (stealth).
 15820 | D:11     | 15820 ||| Stepping ~*~*~tactically~*~*~ (stealth).
 15964 | D:11     | 15964 ||| Stepping ~*~*~tactically~*~*~ (stealth).
 16118 | D:11     | Identified the +7 plate armour "Boryk" {-Tele rC+ Dex+2}
 16144 | D:11     | 16144 ||| Stepping ~*~*~tactically~*~*~ (stealth).
 16145 | D:11     | 16145 ||| Stepping ~*~*~tactically~*~*~ (stealth).
 16199 | D:11     | 16199 ||| Stepping ~*~*~tactically~*~*~ (stealth).
 16201 | D:11     | 16201 ||| Stepping ~*~*~tactically~*~*~ (hiding).
 16210 | D:11     | 16210 ||| INVOKING Heroism.
 16227 | D:11     | 16227 ||| Stepping ~*~*~tactically~*~*~ (stealth).
 16230 | D:11     | 16230 ||| INVOKING Finesse.
 16236 | D:11     | Received a gift from Okawaru
 16310 | D:11     | Identified the +5 arbalest of Gekolef {penet, SInv}
 16322 | D:11     | 16322 ||| INVOKING Heroism.
 16323 | D:11     | 16323 ||| SWAPPING to +1 hand axe of flaming.
 16326 | D:11     | 16326 ||| SWAPPING to +8 broad axe of Responsibility
                  | {heavy, Drain rElec Will+}.
 16520 | D:11     | 16520 ||| PLANNING D
 16596 | D:12     | Found a transporter.
 16597 | D:12     | Found a transporter.
 16749 | D:12     | 16749 ||| READING scroll of enchant armour.
 16749 | D:12     | 16749 ||| ENCHANTING +1 pair of boots.
 16895 | D:12     | Found a transporter.
 16901 | D:12     | Found a transporter.
 17021 | D:12     | Received a gift from Okawaru
 17029 | D:12     | 17029 ||| DROPPING +2 helmet.
 17030 | D:12     | 17030 ||| Stepping randomly (disturbance).
 17420 | D:13     | 17420 ||| INVOKING Heroism.
 17432 | D:13     | 17432 ||| SWAPPING to +1 hand axe of flaming.
 17441 | D:13     | 17441 ||| SWAPPING to +8 broad axe of Responsibility
                  | {heavy, Drain rElec Will+}.
 17618 | D:13     | Identified the +12 scimitar of Soewuif {pain, rElec rPois}
 17636 | D:13     | 17636 ||| INVOKING Heroism.
 17638 | D:13     | Reached skill level 12 in Armour
 17640 | D:13     | 17640 ||| Stepping ~*~*~tactically~*~*~ (hiding).
 17642 | D:13     | 17642 ||| INVOKING Finesse.
 17646 | D:13     | 17646 ||| Stepping ~*~*~tactically~*~*~ (hiding).
 17659 | D:13     | 17659 ||| FLEEEEING.
 17662 | D:13     | Noticed a fire giant
 17664 | D:13     | 17664 ||| FLEEEEING.
 17666 | D:13     | 17666 ||| FLEEEEING.
 17667 | D:13     | 17667 ||| FLEEEEING.
 17668 | D:13     | 17668 ||| FLEEEEING.
 17669 | D:13     | 17669 ||| FLEEEEING.
 17680 | D:13     | 17680 ||| FLEEEEING.
 17687 | D:13     | 17687 ||| FLEEEEING.
 17692 | D:13     | 17692 ||| FLEEEEING.
 17693 | D:13     | 17693 ||| INVOKING Heroism.
 17700 | D:13     | Killed a fire giant
 17701 | D:13     | HP: 21/89 [barbs]
 17702 | D:13     | 17702 ||| READING 5 scrolls of teleportation.
 17703 | D:13     | 17703 ||| DRINKING potion of heal wounds.
 17707 | D:13     | 17707 ||| FLEEEEING.
 17708 | D:13     | 17708 ||| FLEEEEING.
 17709 | D:13     | 17709 ||| FLEEEEING.
 17710 | D:13     | 17710 ||| FLEEEEING.
 17711 | D:13     | 17711 ||| FLEEEEING.
 17712 | D:13     | 17712 ||| FLEEEEING.
 17713 | D:13     | 17713 ||| STAIRDANCE
 17850 | D:13     | 17850 ||| STAIRDANCE
 17853 | D:12     | 17853 ||| INVOKING Heroism.
 18015 | D:13     | 18015 ||| Stepping ~*~*~tactically~*~*~ (stealth).
 18017 | D:13     | 18017 ||| Stepping ~*~*~tactically~*~*~ (hiding).
 18022 | D:13     | 18022 ||| INVOKING Heroism.
 18191 | D:13     | 18191 ||| Stepping ~*~*~tactically~*~*~ (hiding).
 18193 | D:13     | 18193 ||| Stepping ~*~*~tactically~*~*~ (hiding).
 18204 | D:13     | 18204 ||| FLEEEEING.
 18205 | D:13     | 18205 ||| FLEEEEING.
 18207 | D:13     | 18207 ||| INVOKING Heroism.
 18213 | D:13     | Reached XP level 15. HP: 82/96 MP: 20/22
 18213 | D:13     | Received a gift from Okawaru
 18255 | D:13     | 18255 ||| Stepping ~*~*~tactically~*~*~ (stealth).
 18256 | D:13     | 18256 ||| Stepping ~*~*~tactically~*~*~ (stealth).
 18273 | D:13     | 18273 ||| Stepping ~*~*~tactically~*~*~ (stealth).
 18276 | D:13     | 18276 ||| Stepping ~*~*~tactically~*~*~ (stealth).
 18291 | D:13     | Identified the +5 mace "Wuehuama" {flame, rCorr Str+4}
 18299 | D:13     | 18299 ||| INVOKING Heroism.
 18306 | D:13     | 18306 ||| Stepping ~*~*~tactically~*~*~ (stealth).
 18358 | D:13     | 18358 ||| Stepping ~*~*~tactically~*~*~ (hiding).
 18366 | D:13     | 18366 ||| INVOKING Heroism.
 18371 | D:13     | 18371 ||| SWAPPING to +1 hand axe of flaming.
 18379 | D:13     | 18379 ||| SWAPPING to +8 broad axe of Responsibility
                  | {heavy, Drain rElec Will+}.
 18570 | D:13     | 18570 ||| Stepping ~*~*~tactically~*~*~ (stealth).
 18573 | D:13     | 18573 ||| Stepping ~*~*~tactically~*~*~ (hiding).
 18575 | D:13     | 18575 ||| Stepping ~*~*~tactically~*~*~ (hiding).
 18577 | D:13     | 18577 ||| Stepping ~*~*~tactically~*~*~ (hiding).
 18578 | D:13     | 18578 ||| Stepping ~*~*~tactically~*~*~ (hiding).
 18579 | D:13     | 18579 ||| Stepping ~*~*~tactically~*~*~ (hiding).
 18584 | D:13     | 18584 ||| INVOKING Heroism.
 18586 | D:13     | 18586 ||| Stepping ~*~*~tactically~*~*~ (hiding).
 18590 | D:13     | Received a gift from Okawaru
 18591 | D:13     | Reached skill level 3 in Throwing
 18728 | D:13     | 18728 ||| Stepping ~*~*~tactically~*~*~ (hiding).
 18834 | D:13     | 18834 ||| READING scroll labelled QISUTAQYESCH.
 18983 | D:14     | 18983 ||| Stepping ~*~*~tactically~*~*~ (hiding).
 18985 | D:14     | 18985 ||| Stepping ~*~*~tactically~*~*~ (hiding).
 19203 | D:14     | 19203 ||| INVOKING Heroism.
 19340 | D:14     | Identified the +4 scimitar "Trog's Righteous Fury" {flame,
                  | *Slow rC+ rN+}
 19346 | D:14     | Found a gate to the Vaults.
 19495 | D:14     | 19495 ||| Stepping ~*~*~tactically~*~*~ (hiding).
 19963 | D:14     | 19963 ||| DROPPING +4 ring of protection.
 19964 | D:14     | 19964 ||| READING scroll labelled TODOAMPOOHE.
 20103 | D:15     | Entered Level 15 of the Dungeon
 20108 | D:15     | Noticed Louise
 20109 | D:15     | 20109 ||| INVOKING Heroism.
 20115 | D:15     | Killed Louise
 20115 | D:15     | Received a gift from Okawaru
 20116 | D:15     | 20116 ||| Stepping ~*~*~tactically~*~*~ (hiding).
 20117 | D:15     | 20117 ||| Stepping ~*~*~tactically~*~*~ (hiding).
 20118 | D:15     | 20118 ||| Stepping ~*~*~tactically~*~*~ (hiding).
 20119 | D:15     | 20119 ||| Stepping ~*~*~tactically~*~*~ (hiding).
 20120 | D:15     | 20120 ||| Stepping ~*~*~tactically~*~*~ (hiding).
 20163 | D:15     | Noticed Agnes
 20164 | D:15     | 20164 ||| Stepping ~*~*~tactically~*~*~ (hiding).
 20166 | D:15     | 20166 ||| Stepping ~*~*~tactically~*~*~ (hiding).
 20167 | D:15     | 20167 ||| INVOKING Heroism.
 20168 | D:15     | 20168 ||| Stepping ~*~*~tactically~*~*~ (hiding).
 20173 | D:15     | Reached skill level 6 in Throwing
 20178 | D:15     | Killed Agnes
 20178 | D:15     | Received a gift from Okawaru
 20334 | D:15     | 20334 ||| FLEEEEING.
 20335 | D:15     | 20335 ||| FLEEEEING.
 20336 | D:15     | 20336 ||| FLEEEEING.
 20337 | D:15     | 20337 ||| FLEEEEING.
 20338 | D:15     | 20338 ||| FLEEEEING.
 20341 | D:15     | 20341 ||| Stepping ~*~*~tactically~*~*~ (hiding).
 20387 | D:15     | 20387 ||| INVOKING Heroism.
 20387 | D:15     | HP: 24/96 [death knight/+4 battleaxe (20)]
 20388 | D:15     | 20388 ||| READING 4 scrolls of teleportation.
 20389 | D:15     | 20389 ||| DRINKING potion of heal wounds.
 20868 | D:15     | 20868 ||| Stepping ~*~*~tactically~*~*~ (hiding).
 20873 | D:15     | 20873 ||| INVOKING Heroism.
 20877 | D:15     | 20877 ||| SWAPPING to +1 hand axe of flaming.
 20879 | D:15     | 20879 ||| SWAPPING to +8 broad axe of Responsibility
                  | {heavy, Drain rElec Will+}.
 21211 | D:15     | Found a staircase to the Depths.
 21212 | D:15     | 21212 ||| FLEEEEING.
 21213 | D:15     | 21213 ||| FLEEEEING.
 21222 | D:15     | 21222 ||| FLEEEEING.
 21223 | D:15     | 21223 ||| FLEEEEING.
 21224 | D:15     | 21224 ||| FLEEEEING.
 21225 | D:15     | 21225 ||| FLEEEEING.
 21226 | D:15     | 21226 ||| FLEEEEING.
 21227 | D:15     | 21227 ||| FLEEEEING.
 21228 | D:15     | 21228 ||| FLEEEEING.
 21229 | D:15     | 21229 ||| FLEEEEING.
 21230 | D:15     | 21230 ||| FLEEEEING.
 21231 | D:15     | 21231 ||| FLEEEEING.
 21232 | D:15     | 21232 ||| FLEEEEING.
 21233 | D:15     | 21233 ||| FLEEEEING.
 21234 | D:15     | 21234 ||| FLEEEEING.
 21235 | D:15     | 21235 ||| FLEEEEING.
 21236 | D:15     | 21236 ||| FLEEEEING.
 21237 | D:15     | 21237 ||| STAIRDANCE
 21290 | D:14     | 21290 ||| UPGRADING to +3 plate armour.
 21300 | D:14     | 21300 ||| DROPPING +0 plate armour.
 21301 | D:14     | 21301 ||| UPGRADING to +0 tower shield.
 21311 | D:14     | 21311 ||| DROPPING +0 buckler.
 21314 | D:15     | 21314 ||| INVOKING Heroism.
 21353 | D:15     | 21353 ||| Stepping ~*~*~tactically~*~*~ (hiding).
 21354 | D:15     | 21354 ||| Stepping ~*~*~tactically~*~*~ (hiding).
 21420 | D:15     | 21420 ||| PLANNING ORC
 21567 | Orc:1    | Entered Level 1 of the Orcish Mines
 21567 | Orc:1    | Found a shimmering altar of Xom.
 21599 | Orc:1    | Received a gift from Okawaru
 21658 | Orc:1    | 21658 ||| Stepping ~*~*~tactically~*~*~ (hiding).
 21660 | Orc:1    | 21660 ||| INVOKING Heroism.
 21671 | Orc:1    | Reached skill level 9 in Shields
 21702 | Orc:1    | 21702 ||| Stepping ~*~*~tactically~*~*~ (stealth).
 21703 | Orc:1    | 21703 ||| Stepping ~*~*~tactically~*~*~ (stealth).
 21704 | Orc:1    | 21704 ||| Stepping ~*~*~tactically~*~*~ (stealth).
 21726 | Orc:1    | Found Fidutin's General Store.
 21859 | Orc:1    | 21859 ||| BUYING potion of attraction (36 gold).
 21859 | Orc:1    | Bought a potion of attraction for 36 gold pieces
 21859 | Orc:1    | 21859 ||| BUYING potion of curing (36 gold).
 21859 | Orc:1    | Bought a potion of curing for 36 gold pieces
 21899 | Orc:1    | You are sucked into a shaft and drop 1 floor!
 21899 | Orc:2    | Entered Level 2 of the Orcish Mines
 21900 | Orc:2    | 21900 ||| INVOKING Heroism.
 21929 | Orc:2    | Found a staircase to the Elven Halls.
 21962 | Orc:2    | 21962 ||| Stepping ~*~*~tactically~*~*~ (stealth).
 21964 | Orc:2    | 21964 ||| Stepping ~*~*~tactically~*~*~ (hiding).
 21972 | Orc:2    | 21972 ||| INVOKING Heroism.
 21981 | Orc:2    | Received a gift from Okawaru
 21983 | Orc:2    | 21983 ||| Stepping ~*~*~tactically~*~*~ (hiding).
 21989 | Orc:2    | 21989 ||| INVOKING Heroism.
 22085 | Orc:2    | Found Doax's Weapon Shop.
 22085 | Orc:2    | Found Feicuyt's Distillery.
 22087 | Orc:2    | Found Owaoshriff's Armour Shop.
 22087 | Orc:2    | Found Nodan's Weapon Emporium.
 22093 | Orc:2    | 22093 ||| BUYING +6 antimagic war axe (552 gold).
 22093 | Orc:2    | Bought a +6 antimagic war axe for 552 gold pieces
 22093 | Orc:2    | 22093 ||| DROPPING +3 war axe.
 22100 | Orc:2    | 22100 ||| BUYING potion of attraction (39 gold).
 22100 | Orc:2    | Bought a potion of attraction for 39 gold pieces
 22100 | Orc:2    | 22100 ||| BUYING potion of cancellation (104 gold).
 22100 | Orc:2    | Bought a potion of cancellation for 104 gold pieces
 22100 | Orc:2    | 22100 ||| BUYING potion of cancellation (104 gold).
 22100 | Orc:2    | Bought a potion of cancellation for 104 gold pieces
 22100 | Orc:2    | 22100 ||| BUYING potion of curing (39 gold).
 22100 | Orc:2    | Bought a potion of curing for 39 gold pieces
 22100 | Orc:2    | 22100 ||| BUYING potion of haste (130 gold).
 22100 | Orc:2    | Bought a potion of haste for 130 gold pieces
 22100 | Orc:2    | 22100 ||| BUYING potion of haste (130 gold).
 22100 | Orc:2    | Bought a potion of haste for 130 gold pieces
 22100 | Orc:2    | 22100 ||| BUYING potion of mutation (104 gold).
 22100 | Orc:2    | Bought a potion of mutation for 104 gold pieces
 22100 | Orc:2    | 22100 ||| BUYING potion of resistance (130 gold).
 22100 | Orc:2    | Bought a potion of resistance for 130 gold pieces
 22197 | Orc:2    | 22197 ||| UPGRADING to +1 plate armour of cold resistance.
 22621 | Orc:2    | 22621 ||| PLANNING SWAMP:1-3
 22847 | Swamp:1  | Entered Level 1 of the Swamp
 22848 | Swamp:1  | 22848 ||| INVOKING Heroism.
 22849 | Swamp:1  | 22849 ||| SWAPPING to +1 hand axe of flaming.
 22858 | Swamp:1  | 22858 ||| SWAPPING to +8 broad axe of Responsibility
                  | {heavy, Drain rElec Will+}.
 22961 | Swamp:1  | 22961 ||| Stepping ~*~*~tactically~*~*~ (hiding).
 23120 | Swamp:1  | Reached XP level 16. HP: 88/88 MP: 23/23
 23359 | Swamp:1  | 23359 ||| DROPPING ring of wizardry.
 23395 | Swamp:2  | 23395 ||| INVOKING Heroism.
 23396 | Swamp:2  | 23396 ||| SWAPPING to +1 hand axe of flaming.
 23403 | Swamp:2  | Received a gift from Okawaru
 23404 | Swamp:2  | 23404 ||| SWAPPING to +8 broad axe of Responsibility
                  | {heavy, Drain rElec Will+}.
 23407 | Swamp:2  | 23407 ||| SWAPPING to +1 hand axe of flaming.
 23422 | Swamp:2  | 23422 ||| SWAPPING to +8 broad axe of Responsibility
                  | {heavy, Drain rElec Will+}.
 23653 | Swamp:2  | Reached skill level 12 in Shields
 23654 | Swamp:2  | 23654 ||| INVOKING Heroism.
 23749 | Swamp:2  | 23749 ||| INVOKING Heroism.
 23789 | Swamp:2  | 23789 ||| FLEEEEING.
 23790 | Swamp:2  | 23790 ||| FLEEEEING.
 23791 | Swamp:2  | 23791 ||| FLEEEEING.
 23792 | Swamp:2  | 23792 ||| FLEEEEING.
 23793 | Swamp:2  | 23793 ||| FLEEEEING.
 23798 | Swamp:2  | 23798 ||| FLEEEEING.
 23799 | Swamp:2  | 23799 ||| FLEEEEING.
 23800 | Swamp:2  | 23800 ||| FLEEEEING.
 23801 | Swamp:2  | 23801 ||| FLEEEEING.
 23802 | Swamp:2  | 23802 ||| FLEEEEING.
 23805 | Swamp:2  | 23805 ||| STAIRDANCE
 23861 | Swamp:2  | Received a gift from Okawaru
 23925 | Swamp:2  | 23925 ||| Stepping ~*~*~tactically~*~*~ (hiding).
 23960 | Swamp:2  | 23960 ||| INVOKING Heroism.
 23986 | Swamp:2  | 23986 ||| SWAPPING to +1 hand axe of flaming.
 23993 | Swamp:2  | 23993 ||| SWAPPING to +8 broad axe of Responsibility
                  | {heavy, Drain rElec Will+}.
 24251 | Swamp:2  | Noticed a fenstrider witch
 24252 | Swamp:2  | 24252 ||| INVOKING Heroism.
 24258 | Swamp:2  | Killed a fenstrider witch
 24432 | Swamp:2  | 24432 ||| Stepping randomly (stuck).
 24538 | Swamp:3  | 24538 ||| INVOKING Heroism.
 24694 | Swamp:3  | 24694 ||| INVOKING Heroism.
 24701 | Swamp:3  | 24701 ||| Stepping ~*~*~tactically~*~*~ (hiding).
 24851 | Swamp:3  | Noticed a tentacled monstrosity
 24851 | Swamp:3  | Noticed qw's ghost (adept GrFi)
 24851 | Swamp:3  | Noticed a fenstrider witch
 24852 | Swamp:3  | Found a transporter.
 24852 | Swamp:3  | Found a transporter.
 24871 | Swamp:3  | 24871 ||| INVOKING Heroism.
 24887 | Swamp:3  | Received a gift from Okawaru
 24955 | Swamp:3  | 24955 ||| INVOKING Heroism.
 25013 | Swamp:3  | 25013 ||| INVOKING Heroism.
 25027 | Swamp:3  | 25027 ||| SWAPPING to +1 hand axe of flaming.
 25031 | Swamp:3  | 25031 ||| INVOKING Heroism.
 25031 | Swamp:3  | HP: 20/80 [six-headed hydra[a spriggan druid] (9)]
 25032 | Swamp:3  | 25032 ||| READING 6 scrolls of teleportation.
 25033 | Swamp:3  | 25033 ||| DRINKING potion of heal wounds.
 25039 | Swamp:3  | 25039 ||| SWAPPING to +8 broad axe of Responsibility
                  | {heavy, Drain rElec Will+}.
 25211 | Swamp:3  | 25211 ||| INVOKING Heroism.
 25238 | Swamp:3  | Noticed a tentacled monstrosity
 25251 | Swamp:3  | 25251 ||| INVOKING Heroism.
 25259 | Swamp:3  | Killed a tentacled monstrosity
 25306 | Swamp:3  | Identified the ring "Fileufir" {*Corrode rF+ Str+3 Dex+6}
 25587 | Swamp:3  | 25587 ||| PLANNING SPIDER:1-3
 25602 | Swamp:3  | 25602 ||| INVOKING Heroism.
 25607 | Swamp:3  | 25607 ||| SWAPPING to +1 hand axe of flaming.
 25615 | Swamp:3  | 25615 ||| SWAPPING to +8 broad axe of Responsibility
                  | {heavy, Drain rElec Will+}.
 25729 | Spider:1 | Entered Level 1 of the Spider Nest
 25816 | Spider:1 | 25816 ||| INVOKING Heroism.
 25957 | Spider:1 | Reached skill level 15 in Shields
 25992 | Spider:1 | 25992 ||| Stepping ~*~*~tactically~*~*~ (stealth).
 25994 | Spider:1 | 25994 ||| Stepping ~*~*~tactically~*~*~ (hiding).
 26000 | Spider:1 | 26000 ||| INVOKING Heroism.
 26098 | Spider:1 | 26098 ||| INVOKING Heroism.
 26427 | Spider:1 | 26427 ||| Stepping ~*~*~tactically~*~*~ (stealth).
 26433 | Spider:1 | 26433 ||| INVOKING Heroism.
 26442 | Spider:1 | 26442 ||| DRINKING 6 potions of curing.
 26442 | Spider:1 | 26442 ||| (to cure confusion)
 26953 | Spider:1 | 26953 ||| INVOKING Heroism.
 26961 | Spider:1 | Reached XP level 17. HP: 106/106 MP: 22/24
 27421 | Spider:2 | 27421 ||| Stepping ~*~*~tactically~*~*~ (hiding).
 27423 | Spider:2 | 27423 ||| Stepping ~*~*~tactically~*~*~ (hiding).
 27424 | Spider:2 | 27424 ||| INVOKING Finesse.
 27471 | Spider:2 | 27471 ||| Stepping ~*~*~tactically~*~*~ (hiding).
 27473 | Spider:2 | 27473 ||| INVOKING Heroism.
 27497 | Spider:2 | 27497 ||| Stepping ~*~*~tactically~*~*~ (stealth).
 27507 | Spider:2 | 27507 ||| Stepping ~*~*~tactically~*~*~ (hiding).
 27528 | Spider:2 | 27528 ||| FLEEEEING.
 27529 | Spider:2 | 27529 ||| FLEEEEING.
 27647 | Spider:2 | 27647 ||| Stepping ~*~*~tactically~*~*~ (stealth).
 27652 | Spider:2 | 27652 ||| Stepping ~*~*~tactically~*~*~ (stealth).
 27658 | Spider:2 | 27658 ||| Stepping ~*~*~tactically~*~*~ (stealth).
 27700 | Spider:2 | 27700 ||| Stepping ~*~*~tactically~*~*~ (stealth).
 27721 | Spider:2 | Reached skill level 3 in Dodging
 27722 | Spider:2 | Identified the +0 pair of gloves "Eryxent" {-Cast Contam
                  | rPois rN+++} (Okawaru gifted it to you on level 2 of the
                  | Spider Nest)
 27722 | Spider:2 | Received a gift from Okawaru
 27739 | Spider:2 | Identified the +8 lajatang "Saeciat" {flame, rCorr}
 27808 | Spider:2 | 27808 ||| Stepping ~*~*~tactically~*~*~ (stealth).
 27894 | Spider:2 | 27894 ||| Stepping ~*~*~tactically~*~*~ (stealth).
 27906 | Spider:2 | 27906 ||| INVOKING Finesse.
 28126 | Spider:2 | Noticed Asterion
 28127 | Spider:2 | 28127 ||| FLEEEEING.
 28128 | Spider:2 | 28128 ||| FLEEEEING.
 28129 | Spider:2 | 28129 ||| STAIRDANCE
 28156 | Spider:1 | 28156 ||| DROPPING +0 pair of gloves "Eryxent" {-Cast
                  | Contam rPois rN+++}.
 28159 | Spider:2 | 28159 ||| INVOKING Heroism.
 28160 | Spider:2 | 28160 ||| INVOKING Finesse.
 28162 | Spider:2 | Killed Asterion
 28205 | Spider:2 | Identified the +6 morningstar "Qiafofu Kahi" {freeze,
                  | Contam Dex+5}
 28222 | Spider:2 | 28222 ||| Stepping ~*~*~tactically~*~*~ (stealth).
 28242 | Spider:2 | 28242 ||| INVOKING Heroism.
 28452 | Spider:3 | 28452 ||| INVOKING Heroism.
 28564 | Spider:3 | 28564 ||| Stepping randomly (disturbance).
 28565 | Spider:3 | 28565 ||| Stepping randomly (disturbance).
 28587 | Spider:3 | 28587 ||| INVOKING Heroism.
 28728 | Spider:3 | 28728 ||| Stepping ~*~*~tactically~*~*~ (hiding).
 28947 | Spider:3 | 28947 ||| Stepping ~*~*~tactically~*~*~ (stealth).
 29143 | Spider:3 | 29143 ||| INVOKING Heroism.
 29268 | Spider:3 | 29268 ||| READING scroll of acquirement.
 29268 | Spider:3 | 29268 ||| ACQUIRING +2 pair of gloves "Diq Wun" {Str+3}
 29268 | Spider:3 | Acquired the +2 pair of gloves "Diq Wun" {Str+3}
 29270 | Spider:3 | 29270 ||| UPGRADING to +2 pair of gloves "Diq Wun" {Str+3}.
 29280 | Spider:3 | 29280 ||| DROPPING +2 pair of gloves.
 29288 | Spider:3 | 29288 ||| INVOKING Heroism.
 29290 | Spider:3 | 29290 ||| Stepping ~*~*~tactically~*~*~ (stealth).
 29408 | Spider:3 | 29408 ||| PLANNING SWAMP:4
 29572 | Swamp:4  | Entered Level 4 of the Swamp
 29586 | Swamp:4  | 29586 ||| INVOKING Heroism.
 29594 | Swamp:4  | 29594 ||| Stepping ~*~*~tactically~*~*~ (hiding).
 29685 | Swamp:4  | 29685 ||| INVOKING Heroism.
 29707 | Swamp:4  | 29707 ||| Stepping ~*~*~tactically~*~*~ (stealth).
 29735 | Swamp:4  | 29735 ||| Stepping ~*~*~tactically~*~*~ (stealth).
 29736 | Swamp:4  | 29736 ||| Stepping ~*~*~tactically~*~*~ (stealth).
 29738 | Swamp:4  | 29738 ||| Stepping ~*~*~tactically~*~*~ (hiding).
 29781 | Swamp:4  | Identified the +0 kite shield of Zin's Grace {+Blink Str+5}
 29781 | Swamp:4  | Noticed Donald
 29782 | Swamp:4  | 29782 ||| INVOKING Heroism.
 29789 | Swamp:4  | HP: 23/108 [Donald/+0 broad axe (25)]
 29790 | Swamp:4  | 29790 ||| READING 5 scrolls of teleportation.
 29790 | Swamp:4  | HP: 5/108 [Donald/+0 broad axe (18)]
 29791 | Swamp:4  | 29791 ||| DRINKING 2 potions of heal wounds.
 29792 | Swamp:4  | 29792 ||| DRINKING potion of heal wounds.
 29795 | Swamp:4  | 29795 ||| SWAPPING to +1 hand axe of flaming.
 29798 | Swamp:4  | Noticed Mara
 29801 | Swamp:4  | 29801 ||| SWAPPING to +8 broad axe of Responsibility
                  | {heavy, Drain rElec Will+}.
 29811 | Swamp:4  | Noticed qw's illusion
 29811 | Swamp:4  | HP: 21/89 [Mara (illusionary)/+2 demon blade of draining
                  | (16)]
 29812 | Swamp:4  | 29812 ||| READING 4 scrolls of teleportation.
 29812 | Swamp:4  | HP: 5/89 [qw's illusion (illusionary)[Mara] (16)]
 29815 | Swamp:4  | 29815 ||| INVOKING Heroism.
 29817 | Swamp:4  | 29817 ||| READING 3 scrolls of teleportation.
 29819 | Swamp:4  | Mangled by a bunyip

Levels and vault maps discovered:
D:1:      onia_arrival_pyramid, layout_basic, serial_rivers,
          chequers_serial_rivers_small_3, chequers_serial_rivers_room_b,
          chequers_serial_rivers_micro_c, chequers_serial_rivers_marsh
D:2:      layout_basic, kennysheep_cluttered_room
D:3:      layout_basic, zin_scriptorium, serial_shops, shop,
          grunt_decor_fettered, uniq_terence
D:4:      layout_basic, nicolae_hepliaklqana_monster_ancestors,
          general_overflow_altar, nrook_mini_vaults, minmay_misc_feat_columns,
          uniq_robin
D:5:      layout_cave_pools, serial_column_ruins, column_ruins_open_tiny_water,
          column_ruins_open_tiny, column_ruins_open_medium, column_ruins_grid_3
D:6:      layout_loops_ring, nicolae_overflow_crystal_walls
D:7:      layout_rooms, lemuel_temple_firewalk_a, enter_bailey_5,
          nicolae_sextant
D:8:      layout_basic, hex_intersection, kennysheep_just_a_vault
D:9:      layout_gridville, kennysheep_vampire_church,
          gammafunk_temple_overflow_claw, serial_ice, serial_ice_l,
          serial_ice_o, serial_ice_f, serial_ice_g
D:10:     layout_loops_corners, david_lair_shrubbed, hiddenorc1_lemuel,
          uniq_lodul
D:11:     kennysheep_six_static_rooms, layout_basic, hangedman_ranch
D:12:     kennysheep_blocky_hall, layout_irregular_city,
          minmay_gold_behind_fungi, nicolae_transporter_circle
D:13:     minmay_complete_graph, layout_basic, minmay_checkerbox
D:14:     layout_loops_cross, erik_vaults_1, chequers_garden, item_on_display_a
D:15:     grunt_enter_depths_snipers, layout_small_grid, drop_trap,
          st_stairs_13, uniq_agnes, uniq_louise
Temple:   eino_temple_lava
Lair:1:   layout_cave_pods, grunt_megastairs_1, infiniplex_staircase_pool_2
Lair:2:   layout_loops_ring, nicolae_spider_entry_non_spiders
Lair:3:   layout_concentric_octagons, minmay_swamp_entry_worms,
          grunt_megastairs_5, uniq_kirke, uniq_amaemon
Lair:4:   layout_cave_pods, slime_entry_1
Lair:5:   wormcave, layout_cave_pods, gammafunk_ghost_abyssal_escape,
          minmay_lair_oklob_items, worms_lemuel
Swamp:1:  layout_falls_marsh, evilmike_swamp_ruin_house_2
Swamp:2:  layout_basic_swamp, evilmike_swamp_ruin_wall
Swamp:3:  cheibrodos_swamp_monstrosity, layout_basic_swamp,
          gammafunk_ghost_arena, evilmike_swamp_ruin_house_5, swamp_pool1,
          hangedman_swamp_cone, ldierk_geyser
Swamp:4:  swamp_basic_johnstein, layout_basic_swamp, uniq_donald, uniq_mara
Spider:1: layout_chambers, hive_lemuel
Spider:2: mumra_spider_spiderweb, uniq_asterion
Spider:3: layout_spider_delve
Orc:1:    layout_caves, serial_shops, shop, basic_altar, mines5_lemuel
Orc:2:    grunt_orc_tribal_feast, layout_diamond_mine

Skill      XL: |  1  2  3  4  5  6  7  8  9 10 11 12 13 14 15 16 17 |
---------------+----------------------------------------------------+-----
Axes           | 2 3 5 6 7 9 10 11 12 13 14 16 17 | 17.7
Fighting       | 4 5 6 7 9 10 11 12 13 | 13.0
Dodging        | 1 2 3 |  3.0
Armour         | 4 5 6 9 10 11 12 13 | 13.0
Shields        | 4 5 6 7 8 11 16 17 | 17.4
Throwing       | 1 2 7 |  7.1
Invocations    | 2 4 8 10 | 10.0

Action                     |  1- 3 |  4- 6 |  7- 9 | 10-12 | 13-15 | 16-18 || total
---------------------------+-------+-------+-------+-------+-------+-------++-------
  Melee: War axe           |   106 |   112 |   300 |   368 |       |       ||   886
         Broad axe         |       |       |       |    17 |   609 |   460 ||  1086
         Flail             |       |       |       |    12 |       |       ||    12
         Hand axe          |       |       |       |       |    24 |    45 ||    69
  Throw: Boomerang         |       |       |    14 |   151 |    23 |   197 ||   385
         Javelin           |       |       |       |       |    60 |    44 ||   104
 Invoke: Heroism           |       |       |     1 |    25 |    35 |    30 ||    91
         Finesse           |       |       |       |     2 |     5 |     3 ||    10
    Use: Scroll            |     7 |     3 |    11 |     3 |     8 |     5 ||    37
         Potion            |     1 |       |     7 |     3 |     2 |     4 ||    17
   Stab: Petrified         |       |       |       |       |     1 |       ||     1
         Distracted        |       |       |       |       |     1 |       ||     1
 Armour: Scale mail        |    58 |    22 |       |       |       |       ||    80
         Chain mail        |       |    54 |   172 |    70 |       |       ||   296
         Plate armour      |       |       |       |    94 |   419 |   326 ||   839
  Dodge: Dodged            |    31 |    64 |   249 |   199 |   411 |   256 ||  1210
  Block: Buckler           |    22 |    24 |    79 |    76 |   137 |       ||   338
         Tower shield      |       |       |       |       |   115 |   510 ||   625

Table legend:
 A = Non-vault XP
 B = Vault XP
 C = Vault XP percentage of total XP
 D = Non-vault monster count
 E = Vault monster count
 F = Vault count percentage of total count
                 A         B        C        D         E       F
            +---------+---------+-------+---------+---------+-------
      Total |  165655 |   68709 |  29.3 |     631 |     239 |  27.5
            +---------+---------+-------+---------+---------+-------
        D:1 |      25 |       0 |   0.0 |      15 |       0 |   0.0
        D:2 |      44 |       0 |   0.0 |      18 |       0 |   0.0
        D:3 |     155 |      38 |  19.7 |      25 |       2 |   7.4
        D:4 |     350 |      40 |  10.3 |      12 |      14 |  53.8
        D:5 |     919 |       0 |   0.0 |      17 |       0 |   0.0
        D:6 |     736 |       0 |   0.0 |      20 |       0 |   0.0
        D:7 |     746 |       8 |   1.1 |      16 |       4 |  20.0
        D:8 |    1165 |       0 |   0.0 |      27 |       0 |   0.0
        D:9 |    1284 |    1412 |  52.4 |      29 |      17 |  37.0
       D:10 |    3150 |    2668 |  45.9 |      18 |      27 |  60.0
       D:11 |    4398 |    2918 |  39.9 |      21 |      12 |  36.4
       D:12 |    2166 |    1029 |  32.2 |       8 |       4 |  33.3
       D:13 |    4606 |   17719 |  79.4 |      13 |      30 |  69.8
       D:14 |    6261 |    1654 |  20.9 |      12 |       2 |  14.3
       D:15 |    5370 |    5850 |  52.1 |      10 |       6 |  37.5
     Lair:1 |    4465 |    1012 |  18.5 |      18 |       5 |  21.7
     Lair:2 |    9818 |    1103 |  10.1 |      40 |       8 |  16.7
     Lair:3 |    8425 |    3581 |  29.8 |      32 |       8 |  20.0
     Lair:4 |    2435 |       0 |   0.0 |      12 |       0 |   0.0
     Lair:5 |   11134 |    7473 |  40.2 |      29 |      21 |  42.0
    Swamp:1 |    3586 |       0 |   0.0 |       7 |       0 |   0.0
    Swamp:2 |   16846 |       0 |   0.0 |      26 |       0 |   0.0
    Swamp:3 |   10714 |    4331 |  28.8 |      20 |       4 |  16.7
    Swamp:4 |    8207 |       0 |   0.0 |      13 |       0 |   0.0
   Spider:1 |   23839 |       0 |   0.0 |      51 |       0 |   0.0
   Spider:2 |   12487 |    9110 |  42.2 |      36 |      35 |  49.3
   Spider:3 |   18236 |       0 |   0.0 |      41 |       0 |   0.0
      Orc:1 |    2968 |    1374 |  31.6 |      26 |      10 |  27.8
      Orc:2 |    1120 |    7389 |  86.8 |      19 |      30 |  61.2
            +---------+---------+-------+---------+---------+-------
